[Event "*** Titled Tuesday Blitz"]
[Site "Chess.com"]
[Date "2020.11.24"]
[Round "11"]
[White "BogdanDeac"]
[Black "BocharovD"]
[Result "1/2-1/2"]
[WhiteElo "2914"]
[BlackElo "2845"]
[TimeControl "180+1"]
[EndTime "12:27:19 PST"]
[Termination "Game drawn by repetition"]

1. Nf3 c5 2. e3 Nf6 3. b3 g6 4. Bb2 Bg7 5. d4 O-O 6. dxc5 Qa5+ 7. c3 Qxc5 8. Ba3 Qc7 9. Bxe7 Re8 10. Bxf6 Bxf6 11.
Nd4 Nc6 12. Be2 d5 13. O-O Bd7 14. Nd2 Rad8 15. N2f3 Ne7 16. Rc1 Nc8 17. Bb5 Nd6 18. Bxd7 Rxd7 19. Qd3 Qa5 20. a4 Rc8 21. Rc2 Rdc7 22.
Rfc1 a6 23. g3 Qb6 24. Kg2 Ne4 25. b4 Rc4 26. Ne2 Qc6 27. b5 axb5 28. Nfd4 Bxd4 29.
Nxd4 Qc5 30. axb5 Nxc3 31. Nb3 Qb4 32. Nd2 R4c5 33. Nf3 Nxb5 34. Rxc5 Rxc5 35. Rb1 Qc4 36. Qd2 Qc3 37. Qxc3 Nxc3 38. Rxb7 Ne4 39. Ne5 f6 40.
Rb8+ Kg7 41. Rb7+ Kg8 42. Nd3 Rc2 43. Nf4 Rxf2+ 44. Kg1 Rd2 45. Rd7 Ng5 46. h4 Nf3+ 47. Kf1 Nh2+ 48. Ke1 Nf3+ 49. Kf1 d4 50. exd4 Rxd4 51.
Ra7 Nxh4 52. Ra8+ Kf7 53. Ra7+ Kg8 54. Ra8+ Kf7 55. Ra7+ Ke8 56. Ne6 Re4 57. Nc7+ Kd7 58. gxh4 Rxh4 59. Nd5+ Ke6 60. Ne3 f5 61. Kf2 h5 62.
Ng2 Rg4 63. Ra6+ Kf7 64. Kf3 g5 65. Ne3 Rf4+ 66. Kg2 h4 67. Rb6 g4 68. Rb5 h3+ 69.
Kg1 Kg6 70. Nf1 Rf3 71. Rb8 Kg5 72. Rg8+ Kf4 73. Rb8 Rc3 74. Rb4+ Kg5 75. Rb8 g3 76. Nxg3 Rxg3+ 77. Kh2 Rd3 78. Rg8+ Kf4 79. Rf8 Rf3 80. Re8 Re3 81. Ra8 Kf3 82. Kxh3 f4 83. Kh2 Kf2 84. Ra1 Re1 85. Ra2+ Re2 86. Ra1 f3 87. Rb1 Re1 88.
Rb2+ Ke3 89. Rb3+ Ke2 90. Rb2+ Kf1 91. Kg3 Re2 92. Rb1+ Re1 93. Rb2 Re2 94. Rb1+ Re1 95. Rb2 1/2-1/2

[Event "*** Titled Tuesday Blitz"]
[Site "Chess.com"]
[Date "2020.11.24"]
[Round "11"]
[White "SergeyShtyka"]
[Black "Bathory44"]
[Result "1-0"]
[WhiteElo "2425"]
[BlackElo "2557"]
[TimeControl "180+1"]
[EndTime "12:27:25 PST"]
[Termination "SergeyShtyka won by checkmate"]

1. e4 e6 2. Nf3 d5 3. e5 c5 4. b4 cxb4 5. a3 Nc6 6. axb4 Bxb4 7. c3 Bf8 8. d4 a6 9. Bd3 Bd7 10. O-O h6 11. Nbd2 Na5 12. Re1 Rc8 13. Bb2 b5 14.
Nf1 Qb6 15. Ng3 Ne7 16. Ba3 Nec6 17. Bxf8 Kxf8 18. Nh4 Nc4 19. Nh5 Ne7 20. Qg4 g5 21. Nf6 Be8 22. Nf3 Ng8 23. Nxd5 Qd8 24. Nb4 h5 25.
Qxg5 Qxg5 26. Nxg5 a5 27. Nc2 a4 28. Nb4 Nb2 29.
Rec1 Kg7 30. Ne4 Bc6 31. Nd6 Rc7 32. Na6 Ra7 33. Nb4 Rc7 34. Bxb5 Bxb5 35. Nxb5 Rb7 36. Nd6 Rb8 37. Na6 Ra8 38. Nc5 a3 39. Rcb1 Ne7 40. Kf1 Nd5 41. Nde4 f5 42. exf6+ Nxf6 43. Nxe6+ Kf7 44.
N6g5+ Kg6 45. Nxf6 Kxf6 46. Ne4+ Kf5 47. f3 h4 48. h3 Rhg8 49. Kf2 Nd3+ 50. Ke3 Nf4 51. g4+ hxg3 52. Rb5+ Ke6 53. Kxf4 g2 54. Rb6+ Ke7 55. Rb7+ Kd8 56. Ng3 a2 57. Rb2 g1=Q 58. Rxg1 a1=Q 59.
Rxa1 Rf8+ 60. Ke3 Rxa1 61. Rb8+ Ke7 62. Rxf8 Kxf8 63. c4 Ra2 64. Kf4 Rh2 65. Ne4 Rxh3 66. c5 Ke7 67. Ke5 Rh5+ 68. Kf4 Rh1 69. Ke3 Re1+ 70.
Kd3 Rf1 71. Ng5 Kf6 72. Ne4+ Ke7 73. Nd2 Rf2 74. Ke3 Rh2 75. d5 Rh5 76. Kd4 Rh4+ 77.
Ne4 Rh2 78. Ke5 Kd7 79. c6+ Kc7 80. Ke6 Rh6+ 81. Ke5 Rh4 82. f4 Rh1 83. f5 Rh5 84. Ke6 Rh4 85. Nf6 Rh1 86. Ng4 Re1+ 87. Ne5 Re2 88. f6 Kd8 89. d6 Rf2 90. c7+ Kc8 91.
f7 Kb7 92. Ke7 Re2 93. f8=Q Rxe5+ 94. Kd7 Rd5 95. Qb8+ Ka6 96. Qa8+ Kb6 97. Qxd5 Ka6 98. Qb3 Ka7 99. Kc6 Ka6 100. Qb6# 1-0

[Event "*** Titled Tuesday Blitz"]
[Site "Chess.com"]
[Date "2020.11.24"]
[Round "11"]
[White "ShapkinAnatoliy"]
[Black "yobdc"]
[Result "1-0"]
[WhiteElo "2658"]
[BlackElo "2495"]
[TimeControl "180+1"]
[EndTime "12:27:27 PST"]
[Termination "ShapkinAnatoliy won by checkmate"]

1. d4 Nf6 2. c4 e6 3. g3 Bb4+ 4. Bd2 c5 5. Bxb4 cxb4 6. Bg2 O-O 7. e3 a5 8. Ne2 d6 9. O-O Nc6 10.
a3 e5 11. axb4 Nxb4 12. Nbc3 Bf5 13. e4 Bg4 14. f3 Be6 15. b3 b6 16. Qd2 Bd7 17. f4 exd4 18. Nxd4 Qc7 19. Kh1 Rad8 20. Rad1 Qc5 21. Ndb5 Bg4 22. Rde1 Rfe8 23. Na4 Qc8 24. Nxd6 Qe6 25. e5 Bh3 26. exf6 Bxg2+ 27. Kxg2 Rxd6 28. Qxd6 Qc8 29. Rxe8+ Qxe8 30. Re1 Qa8+ 31. Kg1 gxf6 32. Nxb6 Qf3 33. Qd2 Qxb3 34. Nd5 Qxc4 35. Nxb4 axb4 36. Rb1 b3 37. Qb2 Qc5+ 38. Kg2 Qd5+ 39. Kf2 Qc5+ 40. Ke2 Qc4+ 41. Ke3 Qe6+ 42. Kd3 Qd5+ 43. Kc3 Qf3+ 44. Kb4 Qb7+ 45. Kc4 Kg7 46. Qxb3 Qe4+ 47. Kc3 Qe3+ 48. Kb2 Qd2+ 49. Qc2 Qb4+ 50. Qb3 Qd2+ 51. Ka3 Qa5+ 52. Qa4 Qc3+ 53. Rb3 Qa1+ 54. Kb4 Qd4+ 55. Ka5 Qa7+ 56.
Kb4 Qd4+ 57. Ka5 Qa7+ 58. Kb5 Qb7+ 59. Kc4 Qe4+ 60. Kb5 Qb7+ 61. Kc5 Qc7+ 62. Qc6 Qa5+ 63. Rb5 Qa3+ 64. Kb6 Qe3+ 65. Kb7 Qe7+ 66. Ka6 Qa3+ 67. Kb7 Qe7+ 68. Qc7 Qe4+ 69. Kb6 Qd4+ 70. Qc5 Qd8+ 71. Qc7 Qd4+ 72. Kc6 Qc4+ 73. Rc5 Qe4+ 74. Kd7 Qd4+ 75. Qd6 Qa4+ 76. Rc6 Qa7+ 77. Rc7 Qa4+ 78. Kd8 Qa8+ 79.
Rc8 Qa5+ 80. Ke7 Qa7+ 81. Qd7 Qe3+ 82. Kd8 Qb6+ 83. Rc7 Qb8+ 84. Qc8 Qb6 85. Qg4+ Kf8 86. Qd7 Qb8+ 87. Qc8 Qb6 88. Qd7 Kg7 89. Qxf7+ Kh6 90. Qxh7# 1-0

[Event "*** Titled Tuesday Blitz"]
[Site "Chess.com"]
[Date "2020.11.24"]
[Round "11"]
[White "Nara_Kh"]
[Black "Chigorinetz"]
[Result "1-0"]
[WhiteElo "2377"]
[BlackElo "2527"]
[TimeControl "180+1"]
[EndTime "12:28:00 PST"]
[Termination "Nara_Kh won on time"]

1. e4 c5 2. Nf3 Nc6 3. Bb5 g5 4. Nxg5 Nf6 5. d3 Rg8 6. Bc4 e6 7. g3 h6 8. Nf3 d5 9. Bb5 Qa5+ 10. Nc3 d4 11. b4 Qxb4 12. Rb1 Qa5 13. O-O dxc3 14.
d4 Bd7 15. d5 Nd8 16. Bxd7+ Nxd7 17. dxe6 fxe6 18. Nh4 c4 19. e5 Qxe5 20. Re1 Qa5 21. f4 Be7 22. Nf3 Qf5 23. Kg2 h5 24. Nd4 Qd5+ 25.
Qf3 Qxf3+ 26. Kxf3 Rg6 27. Nb5 Kf7 28. Nc7 Rc8 29.
Nb5 a6 30. Nd4 Bc5 31. Be3 b5 32. Bf2 Bxd4 33. Bxd4 Nc6 34. Bf2 Ne7 35. Rbd1 Nd5 36. Re4 N7f6 37. Ree1 b4 38. h3 a5 39. Bd4 Nd7 40.
g4 hxg4+ 41. hxg4 Rf8 42. Be5 Ke7 43. f5 exf5 44. Rxd5 fxg4+ 45. Kg2 Nxe5 46. Rdxe5+ Kd6 47. Rxa5 g3 48. Ra6+ Kd5 49. Rxg6 Rf2+ 50. Kxg3 Rxc2 51. Rf1 Re2 52. Rg5+ Ke4 53. Rf3 Re3 54. Rg4+ Kd3 55. Rxe3+ Kxe3 56. Rxc4 Kd3 57. Rxb4 c2 58. Rb3+ Kd4 59.
Rb8 c1=Q 60. Rd8+ Ke5 61. Re8+ Kf6 62. Re4 Qc3+ 63. Kf4 Kg6 64. Re6+ Kf7 65. Re4 Qc1+ 66. Kf3 Qb1 67. Kf4 Kf6 68. Rd4 Qxa2 69. Re4 Qb2 70.
Kf3 Kf7 71. Kf4 Qh8 72. Kf5 Qf6+ 73. Kg4 Kg6 74. Rf4 Qc3 75. Re4 Qd3 76. Kf4 Qd2+ 77.
Ke5 Kg5 78. Rd4 Qc3 79. Ke4 Kg6 80. Ke5 Qc2 81. Kf4 Kf7 82. Re4 Qc1+ 83. Ke5 Qc2 84.
Rf4+ Kg7 85. Rg4+ Kh6 86. Re4 Qd3 87. Kf4 Qd5 88. Re5 Qd6 89. Kf5 Kg7 90. Re6 Qd7 91.
Ke5 Kf7 92. Rf6+ Ke7 93. Rf5 Qb5+ 94. Kf4 Qb3 95. Re5+ Kd6 96. Re4 Qd1 97. Re3 Qf1+ 98. Ke4 Qf2 99. Rd3+ Ke6 100. Re3 1-0